cohdb
Replays
Latest Replays
All Replays
Popular Replays
Top Player Replays
Match Explorer
How It Works
Community
CoH3 Stats
Reddit
Sign in to upload your games and track your stats! →
Sign in with Steam
Match 39083243
Unlisted
Match 39083243
Overview
Messages
Build Orders
End
Construct Infanterie Kompanie
Selects Luftwaffe Battlegroup
Selects Luftwaffe Pioneer Support
Fallschirmpioneer Squad Paradrop
MG 42 Machine Gun Team
Grenadier Squad
Selects Stuka Strafing Run
Construct Luftwaffe Kompanie
Flak 30 Anti-aircraft Gun Team
Jäger Squad
221 Scout Car
Selects Fallschirmjäger Squad Paradrop
Fallschirmjäger Squad Paradrop
Selects LG40 Recoilless Gun Paradrop
Stuka Strafing Run
Support Elements
Marder III M Tank Destroyer
Luftwaffe Officer Quarters
Fallschirmjäger Squad Paradrop
Gayby
LOST
Bruistablet
馬格南警官
0
0
Comments
sign in to comment!
No comments posted yet!